 Dungeon Crawl Stone Soup version 0.28-a0-1510-gd0f6b136d3 (webtiles) character file.

Game seed: 18304522547632165158

1275 croobank the Sneak (level 8, 0/46 HPs)
             Began as an Octopode Summoner on Jan 16, 2022.
             Slain by a hound (5 damage)
             ... on level 6 of the Dungeon.
             The game lasted 00:31:23 (6063 turns).

croobank the Sneak (Octopode Summoner)              Turns: 6063, Time: 00:31:24

Health: 0/46       AC:  1    Str:  7    XL:     8   Next: 53%
Magic:  10/15      EV: 15    Int: 19    God:
Gold:   92         SH:  0    Dex: 13    Spells: 4/16 levels left

rFire   . . .      SeeInvis .   a - +3 dagger (venom)
rCold   + . .      Faith    .   (no shield)
rNeg    . . .      Spirit   .   (helmet restricted)
rPois   .          Reflect  .   (no amulet)
rElec   .          Harm     .   j - ring of protection from cold
rCorr   .          Rampage  .   (no ring)
Will    .....                   (no ring)
Stlth   +++++.....              (no ring)
HPRegen 0.15/turn               (no ring)
MPRegen 0.14/turn               (no ring)
                                (no ring)
                                (no ring)

@: no status effects
A: almost no armour, amphibious, 8 rings, camouflage 1, gelatinous body 1,
(nimble swimmer 1), tentacles
a: no special abilities


You were on level 6 of the Dungeon.
You visited 1 branch of the dungeon, and saw 6 of its levels.

You collected 148 gold pieces.
You spent 56 gold pieces at shops.

Inventory:

Hand Weapons
 a - a +3 dagger of venom (weapon)
 b - a +0 hunting sling
 f - a +0 whip
 m - a +0 arbalest
 y - a +1 flail of protection
Missiles
 e - 169 stones
 o - 17 sling bullets
 q - 13 poisoned darts
 s - 41 bolts
 u - 18 arrows
Jewellery
 j - a ring of protection from cold (left tentacle)
Wands
 r - a wand of acid (8)
Scrolls
 c - a scroll of vulnerability
 g - 2 scrolls of teleportation
 k - a scroll of amnesia
 n - 2 scrolls of noise
 p - a scroll of blinking {unknown}
 v - a scroll of holy word {unknown}
 w - 2 scrolls of torment {unknown}
 x - 2 scrolls of fog {unknown}
 B - a scroll of enchant armour {unknown}
Potions
 d - a potion of resistance
 h - 4 potions of curing
 i - a potion of lignification
 l - 2 potions of mutation
 t - a potion of haste {unknown}
 z - a potion of attraction {unknown}
 A - a potion of cancellation {unknown}


   Skills:
 + Level 5.3 Dodging
 + Level 7.6 Stealth
 + Level 4.9 Spellcasting
 + Level 6.4 Summonings


You had 4 spell levels left.
You knew the following spells:

 Your Spells              Type           Power      Damage    Failure   Level
a - Summon Small Mammal   Summ           100%       N/A       1%          1
b - Call Imp              Summ           29%        N/A       1%          2
c - Call Canine Familiar  Summ           29%        N/A       2%          3
d - Summon Guardian Gole  Hex/Summ       16%        N/A       10%         3
e - Mephitic Cloud        Conj/Pois/Air  4%         N/A       36%         3

Your spell library contained the following spells:

 Spells                   Type           Power      Damage    Failure   Level
 Magic Dart               Conj           16%        1d3       13%         1
 Summon Lightning Spire   Summ/Air       16%        N/A       32%         4
 Leda's Liquefaction      Hex/Erth       2%         N/A       77%         4
 Lee's Rapid Deconstruct  Erth           2%         3d5*      98%         5
 Statue Form              Tmut/Erth      2%         N/A       100%        6


Dungeon Overview and Level Annotations

Branches:
Dungeon (6/15)
 Temple: D:4-7

Altars:
Fedhas
Nemelex Xobeh
Zin

Shops:
D:3 =   D:4 ?


Innate Abilities, Weirdness & Mutations

You cannot wear most types of armour.
You are amphibious.
You can wear up to eight rings at the same time.
Your skin changes colour to match your surroundings (Stealth+).
Your rubbery body absorbs attacks. (AC +1, EV +1)
((You are camouflaged when in or above water. (Stealth+)))
You have tentacles for arms and can constrict up to eight enemies at once.


Message History

Your bat hits the necrophage but does no damage.
Your bat hits the necrophage.
Your crimson imp hits the necrophage.
The necrophage hits you.
Your bat hits the necrophage but does no damage.
You hit the necrophage.
You squeeze the necrophage, but do no damage.
The necrophage is moderately damaged.
You constrict the necrophage. Your bat hits the necrophage. x2
Your crimson imp hits the necrophage but does no damage.
The hound bites your bat.
Your bat dies!
Your bat's corpse disappears in a puff of smoke!
The necrophage completely misses you.
You hit the necrophage but do no damage.
The necrophage is heavily damaged.
You constrict the necrophage, but do no damage.
Your crimson imp completely misses the necrophage.
The necrophage hits you.
You feel drained.
You hit the necrophage. You squeeze the necrophage!
The necrophage is almost destroyed.
You constrict the necrophage. The hound bites you.
Your crimson imp hits the necrophage.
The hound closely misses you. The necrophage barely misses you.
You hit the necrophage.
You destroy the necrophage!
The hound barely misses you.
Your life force feels restored.
Casting: Call Imp (safe; 1% risk of failure)
Confirm with . or Enter, or press ? or * to list all spells.
A guardian golem appears, shielding your allies.
The hound bites you. Something hits you. Something shocks you.
Your crimson imp blinks!
The hound bites you but does no damage. Something hits you.
Something shocks you. The hound bites you. The hound closely misses you.
Something hits you.
* * * LOW HITPOINT WARNING * * *
Something shocks you.
* * * LOW HITPOINT WARNING * * *
The hound bites you.
You die...

##### .... ....
..# # 5.. ...
##### #.# #....
#.....#9#......
+......@{.....#
#......h#.....#
#........ .####
.......... ..
..........# #.
#####...... .
........
.##.#####.


You could see a hound (ally target), a friendly guardian golem (summoned) and a
friendly crimson imp (summoned, sheltered).

Vanquished Creatures
  An ice beast (D:5)
  A necrophage (D:6)
  2 scorpions (D:5)
  A howler monkey (D:4)
  A bullfrog zombie (D:5)
  A hound (D:5)
  An orc priest (D:3)
  A bullfrog skeleton (D:5)
  2 iguanas
  A hound zombie (D:5)
  A hound skeleton (D:4)
  A gnoll (D:3)
  5 adders
  2 ufetubi (D:5)
  A worm (D:3)
  A dart slug (D:2)
  7 orcs
  9 ball pythons
  4 bats (D:1)
  2 endoplasms
  5 giant cockroaches
  6 goblins
  5 hobgoblins
  3 jackals (D:1)
  4 quokkas
  A frilled lizard (D:3)
  2 kobolds (D:4)
  3 rats
74 creatures vanquished.

Vanquished Creatures (collateral kills)
  A necrophage (D:4)
  An ogre (D:4)
  A sky beast (D:5)
  A phantom (D:5)
  2 gnolls (D:3)
  An adder (D:4)
  3 dart slugs (D:1)
  3 orcs (D:3)
  3 ball pythons
  A bat (D:1)
  An endoplasm (D:1)
  A giant cockroach (D:1)
  2 goblins (D:3)
  A hobgoblin (D:4)
  5 jackals (D:1)
  2 quokkas
  A frilled lizard (D:1)
  A kobold (D:2)
  A rat (D:1)
32 creatures vanquished.

Vanquished Creatures (others)
  2 ice beasts (D:5)
  A jelly (D:5)
3 creatures vanquished.

Grand Total: 109 creatures vanquished

Notes
Turn   | Place    | Note
-------+----------+-------------------------------------------
     0 | D:1      | croobank the Octopode Summoner began the quest for the Orb.
     0 | D:1      | Reached XP level 1. HP: 11/11 MP: 3/3
   158 | D:1      | Reached skill level 3 in Stealth
   158 | D:1      | Reached XP level 2. HP: 10/17 MP: 1/5
   161 | D:1      | Learned a level 2 spell: Call Imp
   824 | D:1      | Reached XP level 3. HP: 19/21 MP: 6/6
   828 | D:1      | Learned a level 3 spell: Call Canine Familiar
   851 | D:1      | Found a faded altar of an unknown god.
  1756 | D:3      | Identified the +1 pair of gloves "Qiq Daidgh" {rCorr Str+4
                  | Dex+2}
  1780 | D:3      | Reached XP level 4. HP: 27/27 MP: 1/7
  1848 | D:3      | Reached skill level 4 in Stealth
  2072 | D:3      | Reached XP level 5. HP: 31/31 MP: 1/9
  2570 | D:4      | Noticed a necrophage
  2592 | D:4      | Killed a necrophage
  2593 | D:4      | Reached skill level 5 in Stealth
  2593 | D:4      | Reached skill level 5 in Summonings
  2593 | D:4      | Reached XP level 6. HP: 33/36 MP: 1/11
  2717 | D:4      | Learned a level 3 spell: Summon Guardian Golem
  2815 | D:4      | Found Qourotic's Magic Scroll Shop.
  2829 | D:4      | Bought 2 scrolls of identify for 56 gold pieces
  3318 | D:4      | Found a glowing silver altar of Zin.
  3318 | D:4      | Found a sparkling altar of Nemelex Xobeh.
  3326 | D:4      | Found a faded altar of an unknown god.
  3328 | D:4      | Found a faded altar of an unknown god.
  3330 | D:4      | Found a blossoming altar of Fedhas.
  3685 | D:3      | Reached XP level 7. HP: 41/41 MP: 12/12
  3689 | D:3      | Learned a level 3 spell: Mephitic Cloud
  4001 | D:3      | Found Meupp's Jewellery Emporium.
  4173 | D:5      | Entered Level 5 of the Dungeon
  4365 | D:5      | Reached skill level 6 in Stealth
  5006 | D:5      | Reached XP level 8. HP: 46/46 MP: 14/14
  5117 | D:5      | Reached skill level 5 in Dodging
  5117 | D:5      | Reached skill level 7 in Stealth
  6063 | D:6      | Slain by a hound

Illustrated notes

Levels and vault maps discovered:
D:1:      amcnicky_arrival_wind_blow, layout_basic,
          hellmonk_ecumenical_altar_crossroads, minmay_misc_feat_tower,
          chequers_serial_rivers_large_a
D:2:      layout_rooms
D:3:      layout_loops_ring, serial_shops, shop, kennysheep_generic_room_9
D:4:      layout_loops_ring, chequers_temple_overflow_minitemple, serial_shops,
          shop_scrolls
D:5:      layout_loops_corners
D:6:      kb_forest_paths, layout_basic, serial_shops, shop,
          nicolae_stop_n_shop_1, shop_fountains, nicolae_shop_advertising_works
          [nicolae_subvault_shop_adworks], nicolae_shop_trees, enter_ossuary_4,
          kennysheep_cross_room, chequers_arboretum, minmay_misc_feat_iff

Skill      XL: |  1  2  3  4  5  6  7  8 |
---------------+-------------------------+-----
Stealth        | 3 4 5 6 7 |  7.6
Dodging        | 3 4 5 |  5.3
Spellcasting   | 3 4 |  4.9
Summonings     | 5 6 |  6.4

Action                   |  1- 3 |  4- 6 |  7- 9 || total
-------------------------+-------+-------+-------++-------
Melee: Unarmed           |    42 |       |       ||    42
       Constrict         |    18 |    15 |    11 ||    44
       Tentacles         |     9 |    14 |    17 ||    40
       Dagger            |    11 |    65 |    57 ||   133
       Whip              |     9 |       |       ||     9
 Cast: Summon Small Mamm |    16 |    13 |    10 ||    39
       Call Imp          |     7 |     6 |     7 ||    20
       Call Canine Famil |     3 |     6 |     6 ||    15
       Summon Guardian G |       |     1 |     8 ||     9
  Use: Scroll            |       |     6 |     2 ||     8
 Stab: Sleeping          |     7 |    11 |     5 ||    23
       Distracted        |       |       |     1 ||     1
Armor: Skin              |     5 |     3 |     2 ||    10
Dodge: Dodged            |    49 |    34 |    29 ||   112

Table legend: (Time is in decaauts)
 A = Elapsed time spent in this place.
 B = Non-inter-level travel time spent in this place.
 C = Inter-level travel time spent in this place.
 D = Time resting spent in this place.
 E = Time spent auto-exploring this place.
 F = Levels seen in this place.
 G = Mean time per level.
                   A        B        C        D        E       F      G
               +--------+--------+--------+--------+--------+-----+--------+
         Total |   6060 |   5942 |    118 |    764 |   3796 |   6 | 1010.0 |
       Dungeon |   6060 |   5942 |    118 |    764 |   3796 |   6 | 1010.0 |
               +--------+--------+--------+--------+--------+-----+--------+

Top non-repeatable levels by time:
     D:5: 1871 daAuts
     D:1: 1307 daAuts
     D:3: 1256 daAuts
     D:4: 1172 daAuts
     D:2: 435 daAuts
     D:6: 17 daAuts
